Map: Automaton LE

Players

Nerchio

  • Race: Zerg Zerg
  • Spawn Location: 3:00

Clem - Winner!

  • Race: Terran Terran
  • Spawn Location: 9:00

Event: 2019 WCS Spring

VOD

Have the link to the VOD?

Description

Time

  • Played on: May 17, 2019, 2:19 p.m.
  • Length: 11:18

All games in this series

Show
View Real Time Build Order
Export as new Build Order

Nerchio Zerg 

Build Orders: Hatch First, Muta Ling Bane 

Get SALT Encoding   

  12  0:00  Drone  
  13  0:12  Overlord  
  13  0:18  Drone  
  14  0:31  Drone x2  
  16  0:49  Hatchery  
  15  0:53  Drone  
  15  0:56  Drone  
  17  0:59  Drone  
  17  1:03  Extractor  
  17  1:16  Spawning Pool  
  16  1:19  Drone  
  16  1:22  Drone  
  18  1:29  Drone  
  19  1:39  Drone  
  20  1:49  Overlord  
  20  2:02  Queen x2  
  20  2:03  Zergling x2  
  20  2:05  Zergling x2  
  26  2:11  Metabolic Boost  
  26  2:15  Drone  
  26  2:17  Drone  
  26  2:22  Drone  
  29  2:24  Drone  
  30  2:42  Hatchery  
  29  2:44  Drone  
  29  2:47  Drone  
  29  2:48  Drone  
  32  2:53  Overlord  
  32  3:00  Queen  
  32  3:04  Drone x2  
  36  3:13  Drone x2  
  36  3:14  Drone x2  
  40  3:21  Queen  
  40  3:22  Drone  
  40  3:26  Overlord  
  43  3:30  Zergling x2  
  43  3:33  Baneling Nest  
  43  3:47  Drone x7  
  50  3:52  Overlord  
  50  3:54  Extractor  
  49  4:03  Queen  
  49  4:05  Lair  
  49  4:09  Queen  
  51  4:11  Drone  
  51  4:14  Drone  
  55  4:17  Drone x2  
  55  4:18  Drone  
  55  4:23  Overlord  
  58  4:27  Overlord  
  58  4:38  Baneling x4  
  58  4:43  Zergling x16  
  66  4:46  Spore Crawler  
  66  4:52  Drone x5  
  69  4:53  Drone  
  69  4:54  Drone  
  69  4:56  Drone  
  72  5:02  Overlord  
  72  5:05  Centrifical Hooks  
  73  5:07  Drone  
  73  5:08  Evolution Chamber, Drone  
  73  5:12  Overlord  
  73  5:14  Overlord  
  73  5:16  Extractor  
  72  5:21  Drone x4  
  72  5:26  Drone x3  
  72  5:27  Drone  
  76  5:29  Drone  
  76  5:31  Drone  
  76  5:32  Drone  
  76  5:35  Drone  
  80  5:40  Drone  
  80  5:42  Extractor  
  80  5:43  Drone x3  
  80  5:44  Drone  
  80  5:48  Extractor, Zerg Ground Armor Level 1  
  83  5:53  Spire  
  82  6:01  Extractor  
  81  6:06  Zergling x2  
  81  6:07  Zergling x6  
  81  6:09  Hatchery  
  82  6:12  Drone x3  
  82  6:15  Drone x2  
  82  6:16  Drone  
  82  6:17  Drone  
  89  6:18  Evolution Chamber  
  89  6:19  Baneling x2  
  89  6:22  Overlord  
  89  6:25  Drone x3  
  91  6:33  Zergling x10  
  91  6:36  Baneling x4  
  91  6:38  Overlord  
  96  6:41  Overlord  
  96  6:45  Zergling x6  
  98  6:54  Overlord  
  98  6:55  Zerg Melee Weapons Level 1  
  98  6:56  Overlord  
  98  6:59  Zergling x2  
  98  7:00  Zergling x10  
  102  7:06  Zergling x6  
  100  7:10  Zergling x8  
  98  7:18  Zergling x10  
  98  7:21  Baneling x6, Zergling x2  
  94  7:39  Drone x10  
  102  7:44  Overlord  
  102  7:45  Hatchery  
  102  7:49  Zergling x8  
  85  8:06  Queen x3  
  91  8:13  Mutalisk x9  
  91  8:15  Mutalisk  
  91  8:18  Zerg Flyer Weapons Level 1  
  109  8:27  Hatchery  
  109  8:28  Baneling x8  
  109  8:33  Baneling  
  109  8:34  Baneling x9  
  108  8:40  Zergling x2  
  108  8:41  Zergling x2  
  110  8:43  Zergling x12  
  110  8:44  Zergling x2  
  117  8:49  Zergling x2  
  117  8:50  Zergling x2  
  119  8:59  Mutalisk x3  
  125  9:03  Baneling x16  
  125  9:06  Zergling x6  
  128  9:16  Mutalisk x2  
  130  9:18  Zergling x8  
  130  9:19  Zergling x2  
  137  9:24  Zergling x10  
  137  9:30  Mutalisk x2  
  142  9:36  Zergling x2  
  143  9:41  Baneling x8  
  143  9:46  Zergling x2  
  143  9:47  Zergling x4  
  146  9:53  Zergling x2  
  146  9:54  Zergling x2  
  148  10:01  Overlord x2  
  140  10:12  Zergling x2  
  140  10:13  Zergling x6  
  119  10:18  Baneling x2, Zergling x2  
  111  10:23  Zergling x2  
  111  10:24  Zergling x8  
  111  10:25  Baneling x5  
  111  10:26  Queen  
  118  10:32  Zergling x14  
  124  10:40  Hatchery  
  124  10:41  Zergling x4  
  120  10:43  Baneling x6  
  120  10:46  Zergling x4  
  120  10:49  Zergling x2  
  118  10:57  Zergling x4  
  118  11:03  Baneling x2  
Show
View Real Time Build Order
Export as new Build Order

Clem Terran - Winner!

Build Orders: Liberator Opening, Reaper Expand 

Get SALT Encoding   

  12  0:00  SCV  
  13  0:12  SCV  
  14  0:17  Supply Depot  
  14  0:24  SCV  
  15  0:39  SCV  
  15  0:41  Barracks  
  16  0:45  Refinery  
  16  0:51  SCV  
  17  1:04  SCV  
  18  1:16  SCV  
  19  1:28  Reaper, Orbital Command  
  20  1:42  Command Center  
  20  1:53  SCV, Supply Depot  
  21  2:00  Marine  
  22  2:06  SCV  
  23  2:09  Factory  
  23  2:18  SCV, Refinery  
  25  2:23  Barracks Reactor  
  24  2:30  SCV  
  25  2:42  SCV  
  26  2:54  Orbital Command  
  26  2:55  SCV, Starport  
  27  3:04  Hellion x2  
  31  3:10  SCV, Barracks Tech Lab  
  33  3:20  SCV  
  33  3:21  Supply Depot  
  33  3:22  SCV  
  33  3:26  Hellion x2  
  38  3:31  Viking  
  40  3:35  SCV  
  40  3:43  SCV  
  40  3:46  Liberator  
  40  3:47  Hellion x2, Supply Depot  
  45  3:49  Marine  
  45  3:53  SCV  
  47  4:00  Stimpack  
  47  4:01  SCV  
  48  4:08  SCV  
  52  4:10  Supply Depot  
  52  4:20  SCV, Command Center  
  53  4:24  SCV  
  53  4:27  Marine  
  53  4:28  Factory Tech Lab  
  55  4:34  SCV  
  55  4:36  SCV  
  55  4:37  Barracks  
  57  4:40  Barracks  
  57  4:45  Marine  
  57  4:47  SCV, Starport Reactor  
  57  4:51  Siege Tank  
  62  4:56  Supply Depot  
  62  4:57  SCV  
  63  5:02  Supply Depot  
  63  5:03  Marine  
  64  5:08  SCV  
  64  5:09  SCV  
  64  5:12  Engineering Bay x2  
  66  5:21  SCV, Marine, Refinery x2  
  66  5:27  Siege Tank  
  66  5:28  Marine x2  
  69  5:33  Starport Reactor, Orbital Command  
  71  5:35  SCV  
  71  5:40  Marine x3  
  75  5:44  Terran Infantry Weapons Level 1  
  75  5:46  Terran Infantry Armor Level 1  
  75  5:48  SCV  
  75  5:49  SCV  
  77  5:50  Marine  
  77  5:51  Marine  
  77  5:56  Orbital Command  
  79  5:57  Marine x2  
  79  6:01  SCV x2  
  79  6:04  Marine  
  81  6:08  Siege Tank, Marine  
  83  6:13  SCV, Medivac  
  83  6:14  Medivac  
  83  6:16  Supply Depot  
  88  6:18  Marine x3  
  88  6:24  Armory  
  92  6:25  SCV  
  92  6:27  SCV  
  92  6:28  Marine x2  
  92  6:32  Combat Shield  
  95  6:35  Barracks  
  95  6:36  Marine  
  95  6:39  Barracks  
  96  6:41  Marine x2  
  96  6:43  SCV x2  
  96  6:44  SCV  
  96  6:45  Marine  
  102  6:50  Supply Depot  
  102  6:53  Marine  
  102  6:54  Marine  
  103  6:57  Siege Tank  
  103  6:58  SCV  
  103  6:59  Marine  
  109  7:03  Marine  
  109  7:07  Marine  
  109  7:11  SCV  
  109  7:12  Medivac  
  109  7:15  Barracks x2, Supply Depot  
  103  7:16  Barracks  
  103  7:19  Marine  
  103  7:20  SCV  
  98  7:27  Marine x2  
  98  7:29  Marine x2, Barracks Reactor x2  
  102  7:30  SCV  
  102  7:32  Siege Tank  
  102  7:33  Medivac  
  108  7:37  Marine  
  108  7:38  Supply Depot  
  108  7:40  Supply Depot  
  108  7:41  SCV x2  
  111  7:46  Terran Infantry Weapons Level 2  
  111  7:54  SCV, Marine x2  
  111  7:56  Marine x2  
  111  7:58  SCV  
  111  8:05  Medivac x2  
  116  8:08  Barracks Reactor x2  
  116  8:09  SCV  
  116  8:11  Barracks Reactor  
  116  8:12  Marine x5  
  121  8:19  Supply Depot  
  120  8:24  Marine  
  120  8:26  Marine x2  
  123  8:28  Terran Infantry Armor Level 2  
  123  8:31  Marine x6  
  129  8:38  Supply Depot  
  129  8:41  Command Center  
  129  8:42  Supply Depot, Marine  
  129  8:44  Marine x3  
  133  8:48  Marine x3  
  133  8:51  Marine  
  137  8:55  Marine  
  137  8:59  Marine  
  139  9:03  Marine  
  139  9:04  Marine x3  
  143  9:12  Marine, Terran Vehicle Weapons Level 1  
  143  9:15  Missile Turret  
  143  9:16  Missile Turret  
  144  9:18  Missile Turret, Marine, Supply Depot  
  144  9:19  Marine x2  
  144  9:20  Marine x7  
  144  9:21  Marine  
  144  9:22  Marine x3  
  155  9:24  SCV x3  
  155  9:30  Marine  
  154  9:36  SCV, Marine x3  
  154  9:37  Marine  
  159  9:40  Siege Tank, Marine x2  
  163  9:49  SCV x2  
  163  9:51  SCV  
  163  9:54  Missile Turret  
  163  9:58  Planetary Fortress  
  163  10:01  SCV x2, Marine x4  
  165  10:13  Marine x9  
  157  10:17  Marine  
  157  10:18  Marine  
  157  10:20  Siege Tank  
  147  10:24  Marine x4  
  147  10:27  Medivac  
  153  10:30  Medivac  
  153  10:31  Marine  
  156  10:39  Marine  
  155  10:43  Marine x8  
  155  10:47  Marine x4  
  155  10:49  Marine x2  
  165  10:57  Marine  
Tags
 
Add a new tag
Caveats
  • Supply blocks, unpowered buildings, or Contaminate may cause inaccurate times.
  • Supply counts are checked every 10 seconds.